 Dungeon Crawl Stone Soup version 0.26-a0-665-gefeb406119 (webtiles) character file.

Game seed: 1335716131723353402

1066 TrveKvltVest the Skirmisher (level 8, -5/71 HPs)
             Began as a Black Draconian Berserker on Oct 14, 2020.
             Was a Believer of Trog (penitent).
             Killed by divine providence
             ... invoked by an orc priest
              (10 damage)
             ... on level 6 of the Dungeon.
             The game lasted 00:43:47 (3700 turns).

TrveKvltVest the Skirmisher (DrBe)                  Turns: 3700, Time: 00:43:48

Health: -5/71      AC: 10    Str: 22    XL:     8   Next: 7%
Magic:  8/8        EV: 13    Int: 14    God:    Trog [*]
Gold:   294        SH:  0    Dex: 11    Spells: 6/7 levels left

rFire    + . .     SeeInvis .   y - +2 mace (vorpal)
rCold    x . .     Faith    .   (no shield)
rNeg     . . .     Spirit   .   (armour unavailable)
rPois    .         Reflect  .   l - +0 hat
rElec    +         Harm     .   (no cloak)
rCorr    .         Rampage  .   (no gloves)
MR       .....                  (no boots)
Stlth    +.........             (no amulet)
HPRegen  0.21/turn              s - +4 ring of protection
MPRegen  0.11/turn              C - ring "Nygop" {Fire rElec MR- Int+7}

@: about to teleport
A: breathe lightning, unfitting armour, electricity resistance, cold-blooded, AC
+6
a: Breathe Lightning, Renounce Religion


You were on level 6 of the Dungeon.
You worshipped Trog.
Trog was demanding penance.
You visited 2 branches of the dungeon, and saw 7 of its levels.

You collected 294 gold pieces.

Inventory:

Hand Weapons
 a - a +2 mace
 v - a +1 short sword of electrocution
 y - a +2 vorpal mace (weapon)
 z - a +0 broad axe
 A - a +3 dagger
 F - a +1 short sword of venom
Missiles
 e - 87 bolts
Armour
 g - a +0 robe
 k - a +1 leather armour
 l - a +0 hat (worn)
 m - a +0 barding
 q - a +0 ring mail
 u - a +0 chain mail
 D - a cursed -1 ring mail
Jewellery
 n - an uncursed ring of fire
 s - a +4 ring of protection (left hand)
 C - the ring "Nygop" (right hand) {Fire rElec MR- Int+7}
   (You found it on level 4 of the Dungeon)

   [ring of fire]

   It enhances your fire magic.
   It affects your intelligence (+7).
   It protects you from fire.
   It makes you vulnerable to cold.
   It insulates you from electricity.
   It affects your resistance to hostile enchantments.
Wands
 f - a wand of polymorph (3)
Scrolls
 c - 2 scrolls of remove curse
 h - a scroll of teleportation
 p - 2 scrolls of magic mapping {unknown}
 t - a scroll of immolation {unknown}
 w - a scroll of identify
 x - a scroll of enchant armour
Potions
 b - a potion of curing
 d - a potion of cancellation {unknown}
 i - 2 potions of magic {unknown}
 j - a potion of invisibility {unknown}
 o - a potion of stabbing {unknown}
 r - 2 potions of flight {unknown}
 E - a potion of mutation {unknown}


   Skills:
 * Level 6.8 Fighting
 + Level 6.5 Maces & Flails
   Level 2.6 Polearms
 + Level 4.4 Dodging
 - Level 0.6 Stealth


You had 6 spell levels left.
You knew the following spells:

 Your Spells              Type           Power        Failure   Level
a - Magic Dart            Conj           #...         28%         1

Your spell library contained the following spells:

 Spells                   Type           Power        Failure   Level
 Corona                   Hex            #......      28%         1
 Blink                    Tloc           N/A          41%         2
 Call Imp                 Summ           #.......     41%         2
 Ensorcelled Hibernation  Hex/Ice        #.....       41%         2
 Slow                     Hex            #.......     41%         2
 Confusing Touch          Hex            #.......     65%         3
 Conjure Flame            Conj/Fire      #.......     65%         3
 Dazzling Flash           Conj/Hex       #.....       65%         3
 Mephitic Cloud           Conj/Pois/Air  #.......     65%         3
 Tukima's Dance           Hex            #.......     65%         3


Dungeon Overview and Level Annotations

Branches:
Dungeon (6/15)             Temple (1/1) D:5

Altars:
Ashenzari
Cheibriados
Fedhas
Hepliaklqana
Makhleb
Okawaru
Ru
Sif Muna
Trog
Uskayaw
Vehumet
Wu Jian
Xom
Zin
The Shining One

Shops:
D:4 =   D:6 *


Innate Abilities, Weirdness & Mutations

You can breathe wild blasts of lightning.
Your glossy black scales are hard. (AC +6)
You cannot fit into any form of body armour.
You are resistant to electric shocks. (rElec)
You are cold-blooded and may be slowed by cold attacks.


Message History

The orc's wounds heal themselves!
The orc warrior closely misses you.
You hit the orc warrior but do no damage.
The orc warrior closely misses you.
You hit the orc warrior.
The orc warrior is moderately wounded.
The orc warrior hits you with a +0 dire flail!
* * * LOW HITPOINT WARNING * * *
You closely miss the orc warrior.
The orc warrior is moderately wounded.
The orc warrior hits you with a +0 dire flail!
* * * LOW HITPOINT WARNING * * *
You hit the orc warrior but do no damage.
The orc warrior is moderately wounded.
As you read the scroll of teleportation, it crumbles to dust.
You feel strangely unstable.
The orc warrior hits you but does no damage.
Unknown command.
The orc priest mumbles some strange prayers to Beogh against you.
Beogh smites you!
You die...

#)... .... ......#..
#.....##.. ........r
#.........##........
##..........#.......$
##.....# #............
#....... ##..<.......
#......####or.....#...
###.......o.oo......#
#......∩.@##o..........
#......)..##...#.#.#...
#......##..............
#....## #.##...#.#.#...
#...# ..#............
.... #......#.#.#. ...
............ .. ....


You could see an orc warrior, an orc priest, 2 orcs and a quokka.

Vanquished Creatures
  Grinder (D:4)
  Duvessa (D:5)
  An ice beast (D:6)
  An ogre (D:4)
  Dowan (D:5)
  A howler monkey (D:4)
  2 hounds
  2 orc priests (D:4)
  An iguana (D:4)
  2 orc wizards
  Natasha (twice) (D:2)
  2 worker ants
  2 hound skeletons
  9 adders
  An ooze (D:1)
  An adder skeleton (D:4)
  2 dart slugs
  4 leopard geckos
  10 orcs
  4 giant cockroaches
  9 goblins
  6 hobgoblins
  15 jackals
  4 kobolds
  2 quokkas
  2 ball pythons (D:2)
  3 bats
  3 frilled lizards
  A jackal skeleton (D:5)
  4 rats
99 creatures vanquished.

Notes
Turn   | Place    | Note
-------+----------+-------------------------------------------
     0 | D:1      | TrveKvltVest the Draconian Berserker began the quest for
                  | the Orb.
     0 | D:1      | Reached XP level 1. HP: 19/19 MP: 1/1
   141 | D:1      | Reached XP level 2. HP: 21/26 MP: 2/2
   674 | D:2      | Reached XP level 3. HP: 28/33 MP: 3/3
   919 | D:2      | Noticed Natasha
   941 | D:2      | Killed Natasha
   941 | D:2      | Reached skill level 1 in Polearms
  1096 | D:2      | Reached XP level 4. HP: 34/40 MP: 4/4
  1173 | D:2      | Noticed Natasha
  1185 | D:2      | Killed Natasha
  1552 | D:3      | You fall into a shaft and drop 1 floor!
  1588 | D:4      | Noticed an ogre
  1596 | D:4      | Killed an ogre
  1596 | D:4      | Reached XP level 5. HP: 20/47 MP: 5/5
  1819 | D:3      | Reached XP level 6. HP: 22/53 MP: 6/6
  1830 | D:3      | Reached ** piety under Trog
  1930 | D:3      | Found a sacrificial altar of Ru.
  2479 | D:4      | Reached skill level 5 in Fighting
  2606 | D:4      | Found Rets's Jewellery Boutique.
  2766 | D:4      | Reached skill level 5 in Maces & Flails
  2797 | D:4      | Your scales start taking on a glossy black colour.
  2797 | D:4      | Reached XP level 7. HP: 33/61 MP: 7/7
  2797 | D:4      | Gained mutation: You are resistant to electric shocks.
                  | (rElec) [Black Draconian growth]
  2940 | D:4      | Got a vibrating steel ring
  2941 | D:4      | Identified the ring "Nygop" {Fire rElec MR- Int+7} (You
                  | found it on level 4 of the Dungeon)
  2991 | D:4      | Noticed Grinder
  3013 | D:4      | Paralysed by Grinder for 3 turns
  3016 | D:4      | Killed Grinder
  3145 | D:5      | Entered Level 5 of the Dungeon
  3195 | D:5      | Was placed under penance by Trog
  3197 | D:5      | Learned a level 1 spell: Magic Dart
  3284 | D:5      | Found a staircase to the Ecumenical Temple.
  3305 | Temple   | Entered the Ecumenical Temple
  3499 | D:5      | Found an iron altar of Okawaru.
  3504 | D:5      | Noticed Duvessa
  3504 | D:5      | Noticed Dowan
  3531 | D:5      | Killed Duvessa
  3560 | D:5      | Killed Dowan
  3666 | D:6      | Found Soops's General Store.
  3679 | D:6      | Reached XP level 8. HP: 43/71 MP: 8/8
  3700 | D:6      | Killed from afar by an orc priest

Illustrated notes

Levels and vault maps discovered:
D:1:      eino_arrival_water_cross, layout_basic, amethyst_killhole,
          minmay_small_reverse_x
D:2:      minmay_wonky_spiral, layout_basic, nemelex_xobeh_ov_fountains_minmay,
          uniq_natasha
D:3:      layout_basic, serial_glass, glass_columns_a, glass_columns_c,
          nicolae_ru_awakened_eye
D:4:      layout_basic, serial_shops, shop, uniq_grinder
D:5:      layout_loops_ring, minmay_temple_entry_statues_pillars,
          okawaru_gym_becter, uniq_duvessa
D:6:      layout_cave_pools, grunt_temple_overflow_open, serial_glass,
          glass_columns_b, glass_columns_c, glass_columns_b, glass_columns_a,
          glass_columns_b, serial_shops, shop
Temple:   nicolae_temple_great_sept

Skill      XL: |  1  2  3  4  5  6  7 |
---------------+----------------------+-----
Dodging        | 3 4 |  4.4
Polearms       | 1 2 |  2.6
Fighting       | 4 5 6 |  6.8
Maces & Flails | 4 5 6 |  6.5
Stealth        | |  0.6

Action                   |  1- 3 |  4- 6 |  7- 9 || total
-------------------------+-------+-------+-------++-------
Melee: Mace              |    17 |   154 |    99 ||   270
       Spear             |    95 |     4 |       ||    99
       Tailslap          |    12 |    21 |    11 ||    44
 Abil: Breathe Lightning |       |       |     1 ||     1
  Use: Scroll            |     5 |     4 |     4 ||    13
       Potion            |     1 |     2 |     4 ||     7
 Stab: Sleeping          |     1 |     4 |       ||     5
Armor: Skin              |    33 |    43 |    32 ||   108
Dodge: Dodged            |    70 |   109 |    44 ||   223

Table legend: (Time is in decaauts)
 A = Elapsed time spent in this place.
 B = Non-inter-level travel time spent in this place.
 C = Inter-level travel time spent in this place.
 D = Time resting spent in this place.
 E = Time spent auto-exploring this place.
 F = Levels seen in this place.
 G = Mean time per level.
                   A        B        C        D        E       F      G
               +--------+--------+--------+--------+--------+-----+--------+
         Total |   3757 |    947 |   2810 |      0 |      0 |   7 |  536.7 |
       Dungeon |   3720 |    938 |   2782 |      0 |      0 |   6 |  620.0 |
        Temple |     36 |      8 |     28 |      0 |      0 |   1 |   36.0 |
               +--------+--------+--------+--------+--------+-----+--------+

Top non-repeatable levels by time:
     D:4: 934 daAuts
     D:2: 919 daAuts
     D:3: 706 daAuts
     D:1: 634 daAuts
     D:5: 487 daAuts
  Temple: 36 daAuts
     D:6: 36 daAuts
